AoeStats
← bibimiraglia

Arabia

508074959Analyzed
1v1 RM · 12d ago on Sep 20, 2026· 58m 34s· 2 players
Game mode
Random Map
Map size
Tiny (2 player)
Population
200
Speed
Normal
Resources
Standard
Victory
Conquest
Starting age
Dark Age
Ending age
Imperial Age
RankedLock teamsTeams togetherTeam positionsShared explorationLock speedFull tech treeHidden civsTurbo modeCheats
Victory
Defeat
🇨🇿 Goths · Czechia
733
+15
🇺🇸 Burgundians · United States
710
-15
bibimiraglia
7:02 Loom
10:28 Feudal Age
9:19 Double-Bit Axe
10:45 Horse Collar
22:06 Castle Age
20:37 Bow Saw
20:21 Gold Mining
21:24 Scale Barding Armor
21:30 Forging
22:16 Wheelbarrow
21:55 Heavy Plow
23:12 Gold Shaft Mining
25:41 Iron Casting
28:14 Fletching
28:25 Padded Archer Armor
27:57 Cavalier
28:12 Pikeman
34:01 Scale Mail Armor
37:42 Elite Skirmisher
55:58 Imperial Age
58:59 Imperial Age
pilar.ja
3:56 Loom
10:35 Feudal Age
11:18 Double-Bit Axe
18:09 Horse Collar
22:11 Castle Age
22:43 Forging
23:12 Gold Mining
23:47 Heavy Plow
25:22 Scale Barding Armor
26:26 Bloodlines
26:25 Stone Mining
29:11 Chain Barding Armor
29:41 Wheelbarrow
29:05 Fletching
32:20 Scale Mail Armor
33:10 Ballistics
33:09 Pikeman
33:51 Squires
35:01 Bodkin Arrow
42:02 Chain Mail Armor
45:55 Imperial Age
43:47 Husbandry
48:30 Murder Holes
52:14 Iron Casting
Connection lost

Rejoining the realm…

Still unreachable

The connection could not be restored.

Session expired

The server has moved on; the page needs a fresh start.